 Dungeon Crawl Stone Soup version 0.26.0-7-g794d0892b4 (webtiles) character file.

Game seed: 3641942500604727077

83 vvl the Ruffian (level 4, 0/36 HPs)
             Began as a Draconian Transmuter on Jan 11, 2021.
             Slain by a river rat (8 damage)
             ... on level 3 of the Dungeon.
             The game lasted 00:05:55 (2481 turns).

vvl the Ruffian (Draconian Transmuter)              Turns: 2481, Time: 00:05:56

Health: 0/36       AC:  7    Str: 13    XL:     4   Next: 22%
Magic:  7/7        EV: 16    Int: 14    God:
Gold:   94         SH:  0    Dex: 11    Spells: 4/7 levels left

rFire    . . .     SeeInvis .   a - +0 spear (curse)
rCold    . . .     Faith    .   (no shield)
rNeg     . . .     Spirit   .   (armour unavailable)
rPois    .         Reflect  .   (helmet restricted)
rElec    .         Harm     .   (no cloak)
rCorr    .         Rampage  .   i - +0 pair of gloves
Will     .....                  o - +0 pair of boots
Stlth    +.........             (no amulet)
HPRegen  0.12/turn              g - +4 ring of evasion
MPRegen  0.10/turn              (no ring)

@: no status effects
A: unfitting armour, cold-blooded, AC +5
a: no special abilities


You were on level 3 of the Dungeon.
You visited 1 branch of the dungeon, and saw 3 of its levels.

You collected 94 gold pieces.

Inventory:

Hand Weapons
 a - a cursed +0 spear (weapon)
 r - a cursed -2 whip
Missiles
 j - 6 javelins
Armour
 i - a +0 pair of gloves (worn)
 o - a +0 pair of boots (worn)
Jewellery
 g - a +4 ring of evasion (left hand)
Scrolls
 b - 5 scrolls of remove curse {unknown}
 d - a scroll of blinking {unknown}
 h - a scroll of random uselessness {unknown}
 m - 4 scrolls of identify {unknown}
 n - a scroll of enchant armour {unknown}
 q - a scroll of fear {unknown}
 s - a scroll of teleportation {unknown}
Potions
 c - 2 potions of brilliance {unknown}
 e - a potion of magic {unknown}
 f - a potion of mutation {unknown}
 k - a potion of heal wounds {unknown}
 l - a potion of flight {unknown}
 p - 2 potions of resistance {unknown}
 t - a potion of degeneration {unknown}


   Skills:
 + Level 2.0 Fighting
 + Level 2.2 Dodging
 + Level 3.5 Unarmed Combat
 + Level 2.4 Spellcasting
 * Level 3.0 Transmutations


You had 4 spell levels left.
You knew the following spells:

 Your Spells              Type           Power        Failure   Level
a - Beastly Appendage     Tmut           20%          7%          1
b - Wereblood             Tmut           10%          10%         2

Your spell library contained the following spells:

 Spells                   Type           Power        Failure   Level
 Spider Form              Tmut/Pois      2%           36%         3
 Ice Form                 Ice/Tmut       5%           77%         4
 Blade Hands              Tmut           5%           88%         5


Dungeon Overview and Level Annotations

Branches:
Dungeon (3/15)

Altars:

Portals:
Sewer: D:3


Innate Abilities, Weirdness & Mutations

Your plain brown scales are hard. (AC +5)
You cannot fit into any form of body armour.
You are cold-blooded and may be slowed by cold attacks.


Message History

The river rat bites you!
The river rat bites you but does no damage.
You are too injured to fight recklessly!
You are too injured to fight recklessly!
You are too injured to fight recklessly!
You are too injured to fight recklessly!
You are too injured to fight recklessly!
You are too injured to fight recklessly!
You are too injured to fight recklessly!
You are too injured to fight recklessly!
You are too injured to fight recklessly!
You are too injured to fight recklessly!
You barely miss the river rat. You tail-slap the river rat.
The river rat is moderately wounded.
The river rat bites you.
* * * LOW HITPOINT WARNING * * *
You hit the river rat but do no damage.
The river rat is moderately wounded.
The river rat bites you!
You die...

#.. ...........#'##
### #.
#.#######..#.# #.
#.#≈≈≈≈≈#.##.# #.
#(#≈≈≈≈≈#....## #.
#.#≈≈∩≈≈#.#...## #.
#.rr≈≈≈≈#......# #.
#.#######.......
#.##.........##.###
#.@rr.....#####.# #
########........# #
########.# #.# #.#
#.# #.# #.# .#


You could see 2 river rats.

Vanquished Creatures
  2 adders (D:3)
  A dart slug (D:2)
  2 leopard geckos
  3 bats (D:1)
  10 goblins
  A hobgoblin (D:1)
  13 jackals
  4 kobolds
  3 quokkas
  2 ball pythons (D:3)
  6 frilled lizards
  8 rats
55 creatures vanquished.

Notes
Turn   | Place    | Note
-------+----------+-------------------------------------------
     0 | D:1      | vvl the Draconian Transmuter began the quest for the Orb.
     0 | D:1      | Reached XP level 1. HP: 16/16 MP: 3/3
   390 | D:1      | Reached XP level 2. HP: 19/23 MP: 5/5
   601 | D:1      | Learned a level 2 spell: Wereblood
   818 | D:1      | Reached XP level 3. HP: 17/28 MP: 6/6
  2349 | D:3      | Reached XP level 4. HP: 32/36 MP: 7/7
  2451 | D:3      | Found a glowing drain.
  2481 | D:3      | Slain by a river rat

Illustrated notes

Levels and vault maps discovered:
D:1:      matt_arrival_refuge, layout_loops_ring, kennysheep_small_spiral,
          minmay_pentomino_o2
D:2:      layout_basic
D:3:      layout_loops_corners, portal_sewer_entry_c

Skill      XL: |  1  2  3  4 |
---------------+-------------+-----
Dodging        | 2 |  2.2
Fighting       | 2 |  2.0
Transmutations | 3 |  3.0
Unarmed Combat | |  3.5
Spellcasting   | |  2.4

Action                   |  1- 3 |  4- 6 || total
-------------------------+-------+-------++-------
Melee: Spear             |   241 |    33 ||   274
       Tailslap          |    18 |     2 ||    20
       Punch             |     1 |       ||     1
 Cast: Wereblood         |     2 |       ||     2
 Stab: Sleeping          |     2 |       ||     2
       Distracted        |     1 |     1 ||     2
Armor: Skin              |    62 |     9 ||    71
Dodge: Dodged            |   208 |    31 ||   239
